 Dungeon Crawl Stone Soup version 0.29-a0-414-g5075937ec3 (webtiles) character file.

Game seed: 2152454995346452302

34 quinnr the Gusty (level 3, 0/19 HPs)
             Began as a Tengu Air Elementalist on May 15, 2022.
             Slain by a quokka (5 damage)
             ... on level 2 of the Dungeon.
             The game lasted 00:01:55 (1082 turns).

quinnr the Gusty (Tengu Air Elementalist)           Turns: 1082, Time: 00:01:55

Health: 0/19       AC:  2    Str:  8    XL:     3   Next: 31%
Magic:  0/7        EV: 12    Int: 17    God:
Gold:   64         SH:  0    Dex: 14    Spells: 5/6 levels left

rFire   . . .      SeeInvis .   (no weapon)
rCold   . . .      Faith    .   (no shield)
rNeg    . . .      Spirit   .   a - +0 robe
rPois   .          Reflect  .   (helmet restricted)
rElec   .          Harm     .   (no cloak)
rCorr   .          Rampage  .   (no gloves)
Will    .....                   (boots unavailable)
Stlth   ++........              (no amulet)
HPRegen 0.06/turn               (no ring)
MPRegen 0.10/turn               (no ring)

@: very slightly contaminated
A: beak, talons 3
a: no special abilities


You were on level 2 of the Dungeon.
You visited 1 branch of the dungeon, and saw 2 of its levels.

You collected 64 gold pieces.

Inventory:

Armour
 a - a +0 robe (worn)
Scrolls
 c - 3 scrolls of identify {unknown}
 d - a scroll of teleportation {unknown}
 h - a scroll of torment {unknown}
 j - a scroll of noise {unknown}
 k - a scroll of fear {unknown}
 m - a scroll of vulnerability {unknown}
Potions
 b - a potion of magic
 e - a potion of might {unknown}
 f - a potion of haste {unknown}
 g - a potion of cancellation {unknown}
 i - a potion of brilliance {unknown}
 l - a potion of degeneration {unknown}


   Skills:
 - Level 2.1 Dodging
 - Level 2.0 Stealth
 - Level 2.0 Spellcasting
 - Level 1.3 Conjurations
 + Level 5.7 Air Magic


You had 5 spell levels left.
You knew the following spells:

 Your Spells              Type           Power      Damage    Failure   Level
a - Shock                 Conj/Air       52%        1d6       4%          1

Your spell library contained the following spells:

 Spells                   Type           Power      Damage    Failure   Level
 Swiftness                Air            21%        N/A       5%          3
 Static Discharge         Conj/Air       13%        N/A       7%          2
 Airstrike                Air            10%        N/A       19%         4


Dungeon Overview and Level Annotations

Branches:
Dungeon (2/15)

Altars:


Innate Abilities, Weirdness & Mutations

You have a beak for a mouth.
You have claws for feet.


Message History

There are monsters nearby!
The zap hits the hobgoblin.
You kill the hobgoblin!
A goblin is nearby!
The zap hits the goblin.
You kill the goblin!
Your magical contamination has completely faded away.
An endoplasm comes into view.
The zap hits the endoplasm.
You kill the endoplasm!
A quokka comes into view.
You miscast Shock.
You are very lightly contaminated with residual magic.
Nothing appears to happen.
A quokka is nearby!
You are too depleted to draw on your mana recklessly!
A quokka is nearby!
Your magical contamination has completely faded away.
You are too depleted to draw on your mana recklessly!
You are too depleted to draw on your mana recklessly!
A ball python comes into view.
The ball python hisses angrily.
The quokka attacks as you move away! The quokka barely misses you.
The quokka attacks as you move away! The quokka bites you.
The zap misses the quokka.
The zap hits the ball python.
The ball python is moderately wounded.
The quokka closely misses you. The quokka bites you.
The quokka attacks as you move away! The quokka bites you.
The quokka bites you. The quokka attacks as you move away!
The quokka bites you.
* * * LOW HITPOINT WARNING * * *
Okay, then.
Casting: Shock (safe; 4% risk of failure)
Confirm with . or Enter, or press ? or * to list all spells.
Aiming: Shock (safe; 4% risk of failure)
Press: ? - help, Shift-Dir - straight line, p - quokka You miscast Shock.
You are very lightly contaminated with residual magic.
Nothing appears to happen.
The quokka bites you.
You die...

#.###.#
#####.....###
#...........# ###
#####..####.....
#.# #..# ##### #.#
#..# #.# #S.#
#.#########r.######
#.......<.@........
###################


You could see a quokka and a ball python.

Vanquished Creatures
  A dart slug (D:1)
  6 endoplasms
  2 goblins
  6 hobgoblins
  8 kobolds (D:1)
  2 ball pythons (D:1)
  A frilled lizard (D:1)
  2 rats (D:1)
28 creatures vanquished.

Vanquished Creatures (others)
  A plant (D:1)
1 creature vanquished.

Grand Total: 29 creatures vanquished

Notes
Turn   | Place    | Note
-------+----------+-------------------------------------------
     0 | D:1      | quinnr the Tengu Air Elementalist began the quest for the
                  | Orb.
     0 | D:1      | Reached XP level 1. HP: 10/10 MP: 4/4
   169 | D:1      | Reached XP level 2. HP: 15/15 MP: 3/6
   232 | D:1      | Found a faded altar of an unknown god.
   238 | D:1      | Reached skill level 5 in Air Magic
   704 | D:1      | Reached XP level 3. HP: 19/19 MP: 4/7
  1082 | D:2      | Slain by a quokka

Illustrated notes

Levels and vault maps discovered:
D:1:      saegor_arrival_simple_e, layout_rooms,
          shapermc_ecumenical_altar_acropolis
D:2:      layout_loops_ring, serial_glass, glass_columns_b, glass_columns_a,
          minmay_diced_spiral, uniq_crazy_yiuf_cottage

Skill      XL: |  1  2 |
---------------+-------+-----
Air Magic      | 5 |  5.7
Dodging        | |  2.1
Stealth        | |  2.0
Spellcasting   | |  2.0
Conjurations   | |  1.3

Action                   || total
-------------------------++-------
Melee: Unarmed           ||     1
       Kick              ||     1
 Cast: Shock             ||    61
Dodge: Dodged            ||     3

Table legend: (Time is in decaauts)
 A = Elapsed time spent in this place.
 B = Non-inter-level travel time spent in this place.
 C = Inter-level travel time spent in this place.
 D = Time resting spent in this place.
 E = Time spent auto-exploring this place.
 F = Levels seen in this place.
 G = Mean time per level.
                   A        B        C        D        E       F      G
               +--------+--------+--------+--------+--------+-----+--------+
         Total |   1081 |   1055 |     26 |      0 |    873 |   2 |  540.5 |
       Dungeon |   1081 |   1055 |     26 |      0 |    873 |   2 |  540.5 |
               +--------+--------+--------+--------+--------+-----+--------+

Top non-repeatable levels by time:
     D:1: 1009 daAuts
     D:2: 72 daAuts
